 Dungeon Crawl Stone Soup version 0.29.1-13-g9f3cf754e1 (webtiles) character file.

Game seed: 13307131528172847467

67 bjubeck the Shield-Bearer (level 4, -1/40 HPs)
             Began as a Minotaur Fighter on Jan 30, 2023.
             Slain by Sigmund
             ... wielding a +3 scythe of distortion
              (11 damage)
             ... on level 2 of the Dungeon.
             The game lasted 00:04:22 (1331 turns).

bjubeck the Shield-Bearer (Minotaur Fighter)        Turns: 1331, Time: 00:04:23

Health: -1/40      AC:  7    Str: 23    XL:     4   Next: 0%
Magic:  3/3        EV:  9    Int:  5    God:
Gold:   61         SH:  4    Dex:  9    Spells: 3/3 levels left

rFire   . . .      SeeInvis .   a - +0 war axe
rCold   . . .      Faith    .   c - +0 buckler
rNeg    . . .      Spirit   .   b - +0 scale mail
rPois   .          Reflect  .   (helmet restricted)
rElec   .          Harm     .   (no cloak)
rCorr   .          Rampage  .   (no gloves)
Will    .....                   (no boots)
Stlth   ..........              (no amulet)
HPRegen 0.13/turn               (no ring)
MPRegen 0.08/turn               (no ring)

@: no status effects
A: horns 2, retaliatory headbutt
a: no special abilities


You were on level 2 of the Dungeon.
You visited 1 branch of the dungeon, and saw 3 of its levels.

You collected 61 gold pieces.

Inventory:

Hand Weapons
 a - a +0 war axe (weapon)
Armour
 b - a +0 scale mail (worn)
 c - a +0 buckler (worn)
Scrolls
 e - 5 scrolls of identify {unknown}
 f - a scroll of enchant weapon {unknown}
 g - a scroll of teleportation {unknown}
 h - a scroll of noise {unknown}
 l - a scroll of immolation {unknown}
Potions
 d - a potion of might
 i - a potion of cancellation {unknown}
 j - a potion of degeneration {unknown}
 k - a potion of lignification {unknown}
 m - a potion of curing {unknown}


   Skills:
 + Level 4.1 Fighting
 * Level 3.7 Axes
 + Level 4.0 Armour
 * Level 1.0 Dodging
 + Level 0.1 Stealth
 + Level 4.1 Shields


You had 3 spell levels left.
You didn't know any spells.
Your spell library was empty.

Dungeon Overview and Level Annotations

Branches:
Dungeon (3/15)

Altars:

Annotations:
D:2 Sigmund


Innate Abilities, Weirdness & Mutations

You have a pair of horns on your head.
You reflexively headbutt those who attack you in melee.


Message History

You blink.
Sigmund casts a spell at you.
You are confused.
You bump into the rock wall.
Sigmund closely misses you.
Sigmund hits you from afar with a +3 scythe of distortion.
Space warps around you.
You bump into the rock wall.
You feel less confused.
Sigmund points at you and mumbles some strange words.
You are confused.
There is a stone staircase leading down here.
You can't go up here!
In your confused state, you trip and fall down the stairs.
You climb downwards.
There is a stone staircase leading up here.
You start resting.
You feel less confused.
You start resting.
HP restored.
You can't go down here!
You climb upwards.
Level annotation: Sigmund Sigmund barely misses you.
There is a stone staircase leading down here.
You closely miss Sigmund. Your headbutt misses Sigmund.
Sigmund hits you with a +3 scythe of distortion.
Space warps around you.
You slash Sigmund! You headbutt Sigmund.
Sigmund is severely wounded.
Sigmund hits you with a +3 scythe of distortion.
Space warps around you.
You closely miss Sigmund.
Sigmund is severely wounded.
Sigmund hits you with a +3 scythe of distortion.
Space warps horribly around you!
* * * LOW HITPOINT WARNING * * *
You hit Sigmund. You headbutt Sigmund, but do no damage.
Sigmund is almost dead.
Sigmund hits you with a +3 scythe of distortion!
You die...

##.....#..........
##.......#.#.#.#.#.# ##
###...................# ..
...........#.#.#.#.#.##
.####.....................
>.......#...#.#.#.#.#.#.#.
.....................##
......#...###..#@....#
.####.#...###..#@....#
......#........#######
########.####### #
#.......# #####.##.##.#
......##.##.#
####..##....## #
#.........#
.........##..########


You could see Sigmund.

Vanquished Creatures
  Robin (D:2)
  An adder (D:2)
  A dart slug (D:2)
  3 endoplasms
  2 giant cockroaches
  8 hobgoblins
  3 quokkas (D:1)
  2 ball pythons (D:1)
  A bat (D:1)
  2 frilled lizards (D:1)
  15 goblins
  2 kobolds (D:1)
  2 rats (D:1)
43 creatures vanquished.

Notes
Turn   | Place    | Note
-------+----------+-------------------------------------------
     0 | D:1      | bjubeck the Minotaur Fighter began the quest for the Orb.
     0 | D:1      | Reached XP level 1. HP: 19/19 MP: 0/0
   151 | D:1      | Reached XP level 2. HP: 27/27 MP: 1/1
   432 | D:1      | Found a faded altar of an unknown god.
   674 | D:2      | Noticed Robin
   677 | D:2      | Reached XP level 3. HP: 33/33 MP: 2/2
   686 | D:2      | Reached skill level 1 in Dodging
   689 | D:2      | Killed Robin
   965 | D:2      | Noticed Sigmund
   978 | D:2      | Reached XP level 4. HP: 33/40 MP: 3/3
  1331 | D:2      | Slain by Sigmund

Illustrated notes

Levels and vault maps discovered:
D:1:      dpeg_arrival_castle, layout_basic, shapermc_ecumenical_altar_petra
D:2:      layout_loops_cross, basic_altar, st_stairs_11, uniq_terence,
          uniq_robin, uniq_sigmund
D:3:      layout_loops_ring, mainiacjoe_overflow_catwalk

Skill      XL: |  1  2  3 |
---------------+----------+-----
Fighting       | 4 |  4.1
Shields        | 4 |  4.1
Axes           | 3 |  3.7
Dodging        | 1 |  1.0
Armour         | 4 |  4.0
Stealth        | |  0.1

Action                   |  1- 3 |  4- 6 || total
-------------------------+-------+-------++-------
Melee: War axe           |    73 |     5 ||    78
       Headbutt          |     9 |     2 ||    11
Armor: Scale mail        |    35 |       ||    35
Dodge: Dodged            |    29 |     2 ||    31
Block: Buckler           |    19 |       ||    19
